 Dungeon Crawl Stone Soup version 0.26-a0-599-gc8f6553 (webtiles) character file.

Game seed: 11669119253574374036

59731 silenth the Fighter (level 14, -3/133 HPs)
             Began as a Minotaur Fighter on Aug 29, 2020.
             Was a Priest of Uskayaw.
             Slain by an orc warlord
             ... wielding a +4 battleaxe of distortion
              (4 damage)
             ... on level 1 of the Orcish Mines.
             The game lasted 00:23:26 (18983 turns).

silenth the Fighter (Minotaur Fighter)             Turns: 18983, Time: 00:23:27

Health: -3/133     AC: 20    Str: 24    XL:     14   Next: 54%
Magic:  0/21       EV: 20    Int:  5    God:    Uskayaw [***...]
Gold:   1869       SH:  8    Dex: 14    Spells: 13/13 levels left

rFire    . . .     SeeInvis .   a - +1 flail (flame)
rCold    + + .     Faith    +   I - +3 warlock's mirror {reflect}
rNeg     + . .     Spirit   +   T - +1 scale mail of Sutzet Xuox {Stlth+}
rPois    +         Reflect  +   U - +2 hat of the Bear Spirit {Spirit, +Rage rN+ MR++}
rElec    .         Harm     .   O - +1 cloak of the Snake Pit {*Slow rC++ Stlth+}
rCorr    .                      D - +3 pair of gauntlets of War {Slay+5}
MR       +++..                  f - +0 pair of boots
Stlth    +++.......             p - amulet of faith
HPRegen  0.32/turn              J - ring of poison resistance
MPRegen  0.17/turn              k - ring of Amelioration {+Blink EV+4 Dex+2}

@: no status effects
A: retaliatory headbutt, horns 2
a: Stomp, Line Pass, Renounce Religion, Evoke Blink, Evoke Berserk Rage


You were on level 1 of the Orcish Mines.
You worshipped Uskayaw.
Uskayaw was aware of your devotion.
You visited 4 branches of the dungeon, and saw 20 of its levels.
You also visited: Ice Cave.

You collected 1869 gold pieces.

Inventory:

Hand Weapons
 a - a +1 flail of flaming (weapon)
Missiles
 c - 4 javelins
 t - 13 atropa-tipped darts
 u - 96 poisoned darts
 w - 15 boomerangs (quivered)
Armour
 f - a +0 pair of boots (worn)
 D - the +3 pair of gauntlets of War (worn) {Slay+5}
   (You found it on level 6 of the Dungeon)

   It affects your accuracy and damage with ranged weapons and melee attacks
   (+5).
 I - the +3 warlock's mirror (worn) {reflect}
   (You found it on level 11 of the Dungeon)
 O - the +1 cloak of the Snake Pit (worn) {*Slow rC++ Stlth+}
   (You found it on level 11 of the Dungeon)

   It greatly protects you from cold.
   It may slow you when you take damage.
   It makes you more stealthy.
 T - the +1 scale mail of Sutzet Xuox (worn) {Stlth+}
   (You found it on level 6 of the Lair of Beasts)

   It makes you more stealthy.
 U - the +2 hat of the Bear Spirit (worn) {Spirit, +Rage rN+ MR++}
   (You found it on level 6 of the Lair of Beasts)

   It protects you from negative energy.
   It affects your resistance to hostile enchantments.
   It lets you go berserk.
Jewellery
 k - the ring of Amelioration (right hand) {+Blink EV+4 Dex+2}
   (You acquired it on level 11 of the Dungeon)

   [ring of evasion]

   It affects your evasion (+4).
   It affects your dexterity (+2).
   It lets you blink.
 p - an amulet of faith (around neck)
 y - an uncursed ring of positive energy
 J - a ring of poison resistance (left hand)
 K - an uncursed ring of see invisible
Wands
 e - a wand of disintegration (13)
 n - a wand of paralysis (13)
 q - a wand of iceblast (2)
 A - a wand of polymorph (14)
 F - a wand of digging (30)
 G - a wand of flame (23)
 N - a wand of acid (8)
Scrolls
 i - 3 scrolls of identify
 j - 5 scrolls of fog
 l - 4 scrolls of teleportation
 r - 9 scrolls of remove curse
 v - 3 scrolls of magic mapping
 B - 2 scrolls of fear
 R - a scroll of enchant armour
Potions
 d - 6 potions of might
 g - a potion of stabbing
 h - 6 potions of lignification
 m - 8 potions of curing
 s - 5 potions of haste
 x - a potion of magic
 z - 6 potions of heal wounds
 H - 2 potions of ambrosia
 L - 2 potions of flight
 M - 4 potions of mutation
Miscellaneous
 E - a lightning rod (4/4)


   Skills:
 + Level 14.6 Fighting
 - Level 14.0 Maces & Flails
 + Level 3.7 Throwing
 + Level 11.6 Armour
 + Level 10.2 Dodging
 + Level 4.4 Stealth
 - Level 5.0 Shields
 + Level 11.0 Invocations
 + Level 5.9 Evocations


You had 13 spell levels left.
You didn't know any spells.
Your spell library contained the following spells:

 Spells                   Type           Power        Failure   Level
 Foxfire                  Conj/Fire      #...         71%         1
 Summon Small Mammal      Summ           #...         71%         1
 Call Imp                 Summ           #.......     85%         2
 Call Canine Familiar     Summ           #.......     97%         3
 Conjure Flame            Conj/Fire      #.......     97%         3
 Inner Flame              Hex/Fire       #.......     97%         3
 Summon Guardian Golem    Hex/Summ       #.......     97%         3
 Sticky Flame             Conj/Fire      #.......     100%        4
 Summon Ice Beast         Ice/Summ       #.......     100%        4
 Summon Lightning Spire   Summ/Air       #.......     100%        4
 Fireball                 Conj/Fire      #.........   100%        5


Dungeon Overview and Level Annotations

Branches:
Dungeon (11/15)            Temple (1/1) D:5            Lair (6/6) D:10
  Swamp (0/4) Lair:3       Spider (0/4) Lair:3        Slime (0/5) Lair:5
    Orc (2/2) D:9           IceCv (visited)
    Elf: Orc:2

Altars:
Ashenzari
Cheibriados
Dithmenos
Elyvilon
Fedhas
Gozag
Hepliaklqana
Kikubaaqudgha
Makhleb
Nemelex Xobeh
Okawaru
Qazlal
Ru
Sif Muna
Trog
Uskayaw
Vehumet
Wu Jian
Xom
Yredelemnul
Zin
The Shining One
Beogh

Shops:
D:8 [   D:11 (

Annotations:
Orc:2 1 runed translucent door, SevenDeadlySins's ghost, journeyman DsFi


Innate Abilities, Weirdness & Mutations

You reflexively headbutt those who attack you in melee.
You have a pair of horns on your head.


Message History

The orc warlord unwields a +0 arbalest.
The orc warlord wields a +4 battleaxe of distortion.
Its appearance distorts for a moment.
The orc warlord hits you with a +4 battleaxe of distortion!!
Space warps horribly around you!
The orc warrior throws a boomerang.
The boomerang misses you.
The weapon returns to the orc warrior!
There is a stone staircase leading up, spattered with blood here.
Okay, then.
You block the orc knight's attack.
You climb upwards.
The sentinel's mark upon you fades away.
Found 54 gold pieces.
There is a stone staircase leading down here.
You sock the orc warlord! You burn the orc warlord.
You headbutt the orc warlord!
The orc warlord is moderately wounded.
The orc warlord hits you with a +4 battleaxe of distortion!!!
* * * LOW HITPOINT WARNING * * *
Space bends around you.
You die...

## ## #. .
.##. ..
... ...
##.. ...#
#.. ....#
##.#......
#.@o$....$
##.##.....
### ##.


You could see an orc warlord (strong).

Vanquished Creatures
  A frost giant (IceCv)
  An orc warlord (Orc:2)
  Azrael (Orc:2)
  Erolcha (D:11)
  6 hydras
  2 catoblepae (Lair:6)
  A two-headed ogre (D:11)
  2 lindwurms (Lair:6)
  An orc knight (Orc:2)
  An oklob plant (Lair:4)
  A cyclops (D:11)
  8 elephants
  2 manticores (Lair:6)
  7 black mambas
  Psyche (D:11)
  2 torpor snails (Lair:6)
  An ice statue (IceCv)
  6 cane toads
  A centaur skeleton (D:10)
  9 komodo dragons
  6 rime drakes
  3 trolls
  23 polar bears
  A slime creature (Lair:5)
  Grinder (D:3)
  A raiju (Lair:6)
  22 blink frogs
  A bog body (Lair:3)
  5 hippogriffs
  2 redbacks (Lair:3)
  A wyvern (D:11)
  6 basilisks
  28 yaks
  2 fire elementals (Orc:2)
  A steam dragon (Lair:3)
  Grum (D:8)
  10 wargs
  18 hell hounds
  9 water moccasins
  7 porcupines
  19 orc warriors
  2 ice beasts
  3 sky beasts
  13 black bears
  4 phantoms
  46 wolves
  3 centaurs
  6 ogres
  A boggart (Orc:2)
  10 crocodiles
  A wyvern zombie (D:7)
  2 big kobolds
  9 bullfrogs
  3 scorpions
  A water moccasin skeleton (D:7)
  6 killer bees (D:9)
  4 wights (D:6)
  2 electric eels
  10 hounds
  6 jellies
  A bullfrog zombie (D:7)
  13 orc priests
  2 bullfrog skeletons
  A centaur zombie (D:5)
  30 orc wizards
  An iguana (D:9)
  10 worker ants
  Ijyb (D:3)
  A hound skeleton (D:5)
  A howler monkey skeleton (D:9)
  12 adders
  3 gnolls (D:6)
  3 shadow imps
  13 white imps
  3 ufetubi
  An ooze (D:3)
  2 adder zombies
  An adder skeleton (D:6)
  A dart slug (D:2)
  4 leopard geckos
  69 orcs
  2 ball pythons
  11 bats
  5 giant cockroaches
  11 goblins
  14 hobgoblins
  20 jackals
  21 kobolds
  6 quokkas
  7 frilled lizards
  A jackal skeleton (D:4)
  2 quokka skeletons
  A quokka zombie (D:7)
  5 rats
633 creatures vanquished.

Vanquished Creatures (others)
  6 fungi
  21 plants
27 creatures vanquished.

Grand Total: 660 creatures vanquished

Notes
Turn   | Place    | Note
-------+----------+-------------------------------------------
     0 | D:1      | silenth the Minotaur Fighter began the quest for the Orb.
     0 | D:1      | Reached XP level 1. HP: 19/19 MP: 0/0
   117 | D:1      | Reached skill level 3 in Maces & Flails
   118 | D:1      | Reached XP level 2. HP: 27/27 MP: 1/1
   144 | D:1      | Reached skill level 4 in Fighting
   449 | D:1      | Reached XP level 3. HP: 33/33 MP: 2/2
   868 | D:2      | Found a faded altar of an unknown god.
   941 | D:2      | Reached skill level 4 in Maces & Flails
  1118 | D:2      | Reached XP level 4. HP: 37/41 MP: 3/3
  1527 | D:3      | Reached skill level 5 in Maces & Flails
  1571 | D:3      | Noticed Ijyb
  1581 | D:3      | Killed Ijyb
  1581 | D:3      | Reached XP level 5. HP: 47/47 MP: 4/4
  1674 | D:3      | Noticed Grinder
  1683 | D:3      | Killed Grinder
  1683 | D:3      | Reached skill level 5 in Fighting
  1683 | D:3      | Reached skill level 6 in Maces & Flails
  1683 | D:3      | Reached XP level 6. HP: 23/57 MP: 5/5
  2468 | D:4      | Reached skill level 7 in Maces & Flails
  2569 | D:4      | Reached skill level 6 in Fighting
  2595 | D:4      | Found a shimmering altar of Xom.
  2752 | D:4      | Reached XP level 7. HP: 59/63 MP: 6/6
  2831 | D:4      | Reached skill level 8 in Maces & Flails
  3660 | D:4      | Reached skill level 7 in Fighting
  3660 | D:4      | Reached skill level 9 in Maces & Flails
  3691 | D:5      | Entered Level 5 of the Dungeon
  3870 | D:5      | Found a staircase to the Ecumenical Temple.
  3891 | Temple   | Entered the Ecumenical Temple
  4118 | D:5      | Reached XP level 8. HP: 72/73 MP: 7/7
  4517 | D:6      | Reached skill level 10 in Maces & Flails
  4586 | D:6      | Reached skill level 8 in Fighting
  4823 | D:6      | Found a hide-covered altar of Uskayaw.
  4823 | D:6      | Found an iron altar of Okawaru.
  4823 | D:6      | Found a stormy altar of Qazlal.
  4856 | D:6      | Became a worshipper of Uskayaw the Reveler
  4918 | D:6      | Reached * piety under Uskayaw
  4975 | D:6      | Reached ** piety under Uskayaw
  4985 | D:6      | Reached *** piety under Uskayaw
  4990 | D:6      | Reached **** piety under Uskayaw
  4998 | D:6      | Reached ***** piety under Uskayaw
  5345 | D:6      | Reached skill level 1 in Dodging
  5483 | D:6      | Reached skill level 1 in Throwing
  5483 | D:6      | Reached skill level 4 in Shields
  5483 | D:6      | Reached skill level 1 in Invocations
  5511 | D:6      | Reached skill level 11 in Maces & Flails
  5511 | D:6      | Reached skill level 4 in Armour
  5651 | D:6      | Found the +3 pair of gauntlets of War {Slay+5}
  5686 | D:6      | Found an opulent altar of Gozag.
  5700 | D:6      | Reached XP level 9. HP: 82/82 MP: 8/8
  5927 | D:7      | Reached skill level 2 in Dodging
  6313 | D:8      | Reached skill level 2 in Invocations
  6628 | D:8      | Found Pigesiv's Armour Emporium.
  6656 | D:8      | Noticed Grum
  6664 | D:8      | Killed Grum
  6668 | D:8      | Reached skill level 9 in Fighting
  6668 | D:8      | Reached skill level 3 in Dodging
  6668 | D:8      | Reached skill level 1 in Stealth
  6668 | D:8      | Reached skill level 5 in Shields
  6823 | D:8      | Reached skill level 5 in Armour
  7062 | D:9      | Reached skill level 3 in Invocations
  7070 | D:9      | Reached skill level 12 in Maces & Flails
  7211 | D:9      | Reached skill level 2 in Stealth
  7407 | D:9      | Found an opulent altar of Gozag.
  7440 | D:9      | Reached XP level 10. HP: 86/91 MP: 11/11
  7541 | D:9      | Found a staircase to the Orcish Mines.
  8363 | D:10     | Entered Level 10 of the Dungeon
  8369 | D:10     | Reached skill level 4 in Invocations
  8693 | D:10     | Found a staircase to the Lair.
  8703 | D:10     | Reached ****** piety under Uskayaw
  8706 | D:10     | Reached skill level 10 in Fighting
  8706 | D:10     | Reached skill level 13 in Maces & Flails
  8968 | D:10     | Reached skill level 5 in Invocations
  9229 | D:10     | Got a slimy ring mail
  9240 | D:10     | Identified the cursed +0 ring mail of Catatonia {rElec}
                  | (You found it on level 10 of the Dungeon)
  9355 | D:11     | Got a heavily runed cloak
  9361 | D:11     | Identified the +1 cloak of the Snake Pit {*Slow rC++
                  | Stlth+} (You found it on level 11 of the Dungeon)
  9372 | D:11     | Noticed a cyclops
  9381 | D:11     | Killed a cyclops
  9672 | D:11     | Noticed a two-headed ogre
  9680 | D:11     | Killed a two-headed ogre
  9691 | D:11     | Identified a scroll of acquirement
  9691 | D:11     | Acquired the ring of Amelioration {+Blink EV+4 Dex+2}
  9701 | D:11     | Found the +3 warlock's mirror {reflect}
  9737 | D:11     | Found Viennod's Weapon Emporium.
  9786 | D:11     | Noticed Psyche
  9790 | D:11     | Killed Psyche
  9790 | D:11     | Reached skill level 3 in Stealth
  9790 | D:11     | Reached XP level 11. HP: 101/101 MP: 14/14
  9792 | D:11     | Noticed Erolcha
  9801 | D:11     | Killed Erolcha
  9801 | D:11     | Reached skill level 14 in Maces & Flails
  9801 | D:11     | Reached skill level 1 in Evocations
 10150 | D:11     | Got a scorched trident
 10151 | D:11     | Identified the +6 trident of Qazlal's Condemnation {vorpal,
                  | rPois} (You found it on level 11 of the Dungeon)
 10217 | Lair:1   | Entered Level 1 of the Lair of Beasts
 10219 | Lair:1   | Reached skill level 6 in Invocations
 10224 | Lair:1   | Reached skill level 2 in Evocations
 10232 | Lair:1   | Reached skill level 11 in Fighting
 10653 | Lair:1   | Reached skill level 3 in Evocations
 11025 | Lair:1   | Reached skill level 2 in Throwing
 11037 | Lair:1   | Reached skill level 4 in Dodging
 11333 | Lair:2   | Reached skill level 7 in Invocations
 11388 | Lair:2   | Reached skill level 6 in Armour
 12003 | Lair:3   | Found a frozen archway.
 12028 | IceCv    | Entered an ice cave
 12096 | IceCv    | Reached skill level 3 in Throwing
 12099 | IceCv    | Reached skill level 4 in Evocations
 12103 | IceCv    | Reached skill level 5 in Dodging
 12103 | IceCv    | Reached XP level 12. HP: 112/112 MP: 16/16
 12199 | IceCv    | Reached skill level 12 in Fighting
 12199 | IceCv    | Reached skill level 7 in Armour
 12305 | IceCv    | Noticed a frost giant
 12319 | IceCv    | Killed a frost giant
 12319 | IceCv    | Reached skill level 6 in Dodging
 12319 | IceCv    | Reached skill level 8 in Invocations
 12809 | IceCv    | Got a steaming hat
 12815 | IceCv    | Identified the +2 hat "Faorch" {Dex+4} (You found it in an
                  | ice cave)
 12818 | IceCv    | Got a bone great sword
 12917 | Lair:3   | Reached skill level 8 in Armour
 12963 | Lair:3   | Found a hole to the Spider Nest.
 13055 | Lair:3   | Reached skill level 7 in Dodging
 13244 | Lair:3   | Found a sparkling altar of Nemelex Xobeh.
 13287 | Lair:3   | Found a staircase to the Swamp.
 13307 | Lair:3   | Reached skill level 9 in Invocations
 13315 | Lair:3   | Reached skill level 9 in Armour
 13320 | Lair:3   | Reached skill level 13 in Fighting
 13757 | Lair:4   | Noticed a five-headed hydra
 13768 | Lair:4   | Killed a five-headed hydra
 13768 | Lair:4   | Reached XP level 13. HP: 97/122 MP: 18/18
 14048 | Lair:4   | Reached skill level 8 in Dodging
 14918 | Lair:5   | Found a staircase to the Slime Pits.
 14935 | Lair:5   | Reached skill level 10 in Armour
 15700 | Lair:6   | Entered Level 6 of the Lair of Beasts
 15760 | Lair:6   | Reached skill level 10 in Invocations
 15954 | Lair:6   | Reached skill level 9 in Dodging
 15998 | Lair:6   | Reached skill level 14 in Fighting
 16565 | Lair:6   | Got a buzzing scale mail
 16576 | Lair:6   | Identified the cursed +1 scale mail of Sutzet Xuox {Stlth+}
                  | (You found it on level 6 of the Lair of Beasts)
 16716 | Lair:6   | Found the +2 hat of the Bear Spirit {Spirit, +Rage rN+
                  | MR++}
 16718 | Lair:6   | Reached skill level 11 in Armour
 16718 | Lair:6   | Reached skill level 5 in Evocations
 16718 | Lair:6   | Reached XP level 14. HP: 119/132 MP: 20/20
 17496 | Lair:6   | Reached skill level 10 in Dodging
 17643 | Lair:6   | Reached skill level 4 in Stealth
 17935 | Orc:1    | Entered Level 1 of the Orcish Mines
 18166 | Orc:2    | Entered Level 2 of the Orcish Mines
 18166 | Orc:2    | Found a roughly hewn altar of Beogh.
 18166 | Orc:2    | Noticed an orc warlord
 18176 | Orc:2    | Killed an orc warlord
 18404 | Orc:2    | Found a runed translucent door.
 18406 | Orc:2    | Noticed SevenDeadlySins's ghost (journeyman DsFi)
 18524 | Orc:2    | Noticed Azrael
 18542 | Orc:2    | Killed Azrael
 18676 | Orc:2    | Reached skill level 11 in Invocations
 18962 | Orc:2    | Noticed an orc warlord
 18983 | Orc:1    | HP: 1/133 [orc warlord/+4 battleaxe of distortion (43)]
 18983 | Orc:1    | Slain by an orc warlord

Illustrated notes

Levels and vault maps discovered:
D:1:      sevenhm_arrival_forest_fort_large_2, layout_loops_cross
D:2:      layout_basic, chequers_ecumenical_altar_simple_redux
D:3:      layout_loops_ring, uniq_grinder, uniq_ijyb
D:4:      minmay_door_path, layout_rooms, xom_teletrap_fun
D:5:      layout_basic, minmay_temple_entry_waves
D:6:      layout_loops_ring, kennysheep_little_box,
          chequers_temple_overflow_statue_of_worship
D:7:      layout_rooms
D:8:      layout_rooms, serial_shops, shop, dk_rats_in_the_wall, uniq_grum
D:9:      layout_layer_cave, erik_orc_3, basic_altar
D:10:     layout_irregular_city, erik_lair_island
D:11:     layout_irregular_city, serial_shops, shop, uniq_erolcha, uniq_psyche
Temple:   minmay_crystal_spiral_temple
Lair:1:   layout_regular_city
Lair:2:   layout_misc_corridors, infiniplex_staircase_pool
Lair:3:   layout_gridlike, skrybe_swamp_entry_bodies, spider_nest_entry_webs,
          basic_altar, portal_ice_cave_entry_imps, grunt_megastairs_3
Lair:4:   layout_cave_pods, chequers_serial_rivers_small_3, grunt_megastairs_5
Lair:5:   layout_cave_pods, minmay_slime_entry_pillars, uniq_rupert
Lair:6:   hangedman_lair_in_review, layout_regular_city,
          hangedman_lair_caniforms_friends
Orc:1:    layout_diamond_mine
Orc:2:    grunt_orc_cross, layout_diamond_mine, serial_shops, shop, basic_altar,
          gammafunk_ghost_grave, uniq_azrael

Skill      XL: |  1  2  3  4  5  6  7  8  9 10 11 12 13 14 |
---------------+-------------------------------------------+-----
Maces & Flails | 3 4 5 6 7 9 11 12 13 14 | 14.0
Fighting       | 4 5 6 7 8 9 10 11 13 14 | 14.6
Dodging        | 1 3 5 7 9 10 | 10.2
Throwing       | 1 3 |  3.7
Shields        | 4 5 |  5.0
Invocations    | 1 3 5 7 9 10 11 | 11.0
Armour         | 4 5 6 9 11 | 11.6
Stealth        | 2 3 4 |  4.4
Evocations     | 4 5 |  5.9

Action                   |  1- 3 |  4- 6 |  7- 9 | 10-12 | 13-15 || total
-------------------------+-------+-------+-------+-------+-------++-------
Melee: Flail             |    32 |       |       |   319 |   509 ||   860
       Headbutt          |    12 |    18 |    66 |   137 |   123 ||   356
       Mace              |    67 |   113 |   332 |   152 |       ||   664
Throw: Dart              |       |       |       |       |     2 ||     2
       Boomerang         |       |       |       |       |     2 ||     2
Invok: Stomp             |       |       |       |       |    10 ||    10
 Abil: Evoke Berserk Rag |       |       |       |       |     1 ||     1
Evoke: Wand              |       |       |       |     5 |     4 ||     9
  Use: Scroll            |       |       |    13 |    14 |     6 ||    33
 Stab: Paralysed         |       |       |    13 |    54 |    61 ||   128
       Sleeping          |       |       |       |     5 |     7 ||    12
       Distracted        |       |       |       |       |     1 ||     1
       Petrified         |       |       |       |       |     1 ||     1
Armor: Scale mail        |    44 |    38 |    60 |    76 |   157 ||   375
       Plate armour      |       |       |    63 |    64 |       ||   127
Dodge: Dodged            |    37 |    22 |    65 |   159 |   435 ||   718
Block: Kite shield       |    52 |    48 |   145 |    70 |       ||   315
       Buckler           |       |       |       |    89 |   218 ||   307
       Reflection        |       |       |       |     1 |    15 ||    16

Table legend: (Time is in decaauts)
 A = Elapsed time spent in this place.
 B = Non-inter-level travel time spent in this place.
 C = Inter-level travel time spent in this place.
 D = Time resting spent in this place.
 E = Time spent auto-exploring this place.
 F = Levels seen in this place.
 G = Mean time per level.
                   A        B        C        D        E       F      G
               +--------+--------+--------+--------+--------+-----+--------+
         Total |  18769 |  17968 |    801 |   2476 |  12197 |  21 |  893.8 |
       Dungeon |  10125 |   9708 |    417 |   1390 |   6602 |  11 |  920.5 |
        Temple |    168 |     85 |     83 |      0 |     84 |   1 |  168.0 |
          Lair |   6614 |   6334 |    280 |    603 |   4607 |   6 | 1102.3 |
  Orcish Mines |   1020 |   1002 |     18 |    467 |    321 |   2 |  510.0 |
      Ice Cave |    841 |    841 |      0 |     16 |    583 |   1 |  841.0 |
               +--------+--------+--------+--------+--------+-----+--------+

Top non-repeatable levels by time:
  Lair:6: 1655 daAuts
     D:9: 1404 daAuts
     D:3: 1325 daAuts
     D:6: 1285 daAuts
  Lair:5: 1226 daAuts
  Lair:4: 1133 daAuts
  Lair:1: 1066 daAuts
    D:10: 1043 daAuts
     D:4: 1000 daAuts
     D:1: 889 daAuts
   IceCv: 841 daAuts
    D:11: 819 daAuts
   Orc:2: 793 daAuts
  Lair:3: 784 daAuts
  Lair:2: 748 daAuts
